 Dungeon Crawl Stone Soup version 0.22.1-6-g1668fe2 (webtiles) character file.

85 Sjerrul the Covered (level 4, 0/41 HPs)
             Began as a Minotaur Fighter on Jan 16, 2019.
             Slain by an orc
             ... wielding a +0 hand axe
              (6 damage)
             ... on level 3 of the Dungeon.
             The game lasted 00:10:42 (1144 turns).

Sjerrul the Covered (Minotaur Fighter)              Turns: 1144, Time: 00:10:43

Health: 0/41       AC:  7    Str: 21    XL:     4   Next: 25%
Magic:  3/3        EV:  7    Int:  5    God:
Gold:   97         SH: 10    Dex: 13    Spells: 3/3 levels left

rFire    . . .     SeeInvis .   a - +0 long sword
rCold    . . .     Gourm    .   s - +0 shield
rNeg     . . .     Faith    .   l - +0 scale mail
rPois    .         Spirit   .   (helmet restricted)
rElec    .         Reflect  .   (no cloak)
rCorr    .         Harm     .   (no gloves)
MR       .....                  (no boots)
Stlth    ..........             (no amulet)
HPRegen  0.13/turn              i - +3 ring of dexterity
MPRegen  0.08/turn              (no ring)

@: no status effects
A: retaliatory headbutt, horns 2
a: no special abilities


You were on level 3 of the Dungeon.
You were hungry.

You visited 1 branch of the dungeon, and saw 3 of its levels.

You collected 97 gold pieces.

Inventory:

Hand Weapons
 a - a +0 long sword (weapon)
 b - a +0 hunting sling
Missiles
 g - 72 stones (quivered)
Armour
 c - a +0 shield
 l - a +0 scale mail (worn)
 s - a +0 shield (worn)
Jewellery
 i - a +3 ring of dexterity (left hand)
Scrolls
 h - a scroll of remove curse {unknown}
 k - a scroll of random uselessness {unknown}
 m - a scroll of immolation {unknown}
 q - a scroll of amnesia {unknown}
Potions
 d - a potion of might
 e - a potion of flight
 n - a potion of lignification {unknown}
 o - a potion of curing {unknown}
 r - a potion of agility {unknown}
Comestibles
 f - 4 rations


   Skills:
 + Level 4.4 Fighting
 + Level 3.3 Long Blades
 + Level 4.4 Armour
 + Level 4.3 Shields


You had 3 spell levels left.
You didn't know any spells.
Your spell library was empty.

Dungeon Overview and Level Annotations

Branches:
Dungeon (3/15)

Altars:


Innate Abilities, Weirdness & Mutations

You reflexively headbutt those who attack you in melee.
You have a pair of horns on your head.


Message History

The orc closely misses you. You block the bat's attack.
You closely miss the orc.
The orc is heavily wounded.
The bat hits you but does no damage. You block the bat's attack.
The orc hits you with a flail.
* * * LOW HITPOINT WARNING * * *
The orc completely misses you. You furiously retaliate!
You headbutt the orc!
You kill the orc!
The orc throws a tomahawk.
The tomahawk hits you but does no damage.
The bat hits you but does no damage.
You hit the orc. You headbutt the orc.
You kill the orc!
The bat hits you but does no damage. x2; The bat completely misses you.
You riposte.
You miss the bat. You block the orc's attack.
The orc hits you but does no damage.
You completely miss the orc. You block the bat's attack.
The bat hits you but does no damage. The orc hits you but does no damage.
The orc hits you with a hand axe.
You die...

#........# #........#
#........# #........#
#........# +# #+##
#........# .# .<.#
#........# .#
...####......(.##b#####
...'..'.......oo@o...(#
...####.[<...()#o####.#
...####........#o#
.....##........#'#
##...########.....
#(..# #..%.. #...#
#.((... #...# #.(....
#...# #.......


You could see an orc wizard, 4 orcs and a bat.

Vanquished Creatures
  An orc wizard (D:3)
  2 adders
  An ooze (D:2)
  A dart slug (D:1)
  A leopard gecko (D:2)
  3 orcs (D:3)
  A ball python (D:2)
  A bat (D:1)
  2 giant cockroaches
  4 goblins
  2 hobgoblins (D:2)
  A quokka (D:2)
  3 frilled lizards
  4 kobolds
  4 rats
31 creatures vanquished.

Notes
Turn   | Place    | Note
-------+----------+-------------------------------------------
     0 | D:1      | Sjerrul the Minotaur Fighter began the quest for the Orb.
     0 | D:1      | Reached XP level 1. HP: 19/19 MP: 0/0
   583 | D:2      | Reached XP level 2. HP: 26/27 MP: 1/1
   757 | D:2      | Reached XP level 3. HP: 32/33 MP: 2/2
  1137 | D:3      | Reached XP level 4. HP: 22/41 MP: 3/3
  1144 | D:3      | Slain by an orc

Skill      XL: |  1  2 |
---------------+-------+-----
Fighting       | 4 |  4.4
Armour         | 4 |  4.4
Shields        | 4 |  4.3
Long Blades    | 3 |  3.3

Action                   |  1- 3 |  4- 6 || total
-------------------------+-------+-------++-------
Melee: Long sword        |    61 |     6 ||    67
       Headbutt          |     7 |     1 ||     8
 Fire: Hunting sling     |     5 |       ||     5
Throw: Stone             |     1 |       ||     1
  Use: Scroll            |     2 |       ||     2
Armor: Scale mail        |    19 |    12 ||    31
Dodge: Dodged            |    18 |     7 ||    25
Block: Shield            |    34 |     9 ||    43
       Rpst.: Long sword |     5 |     1 ||     6
